 Dungeon Crawl Stone Soup version 0.29.1-1-gd02db6906a (webtiles) character file.

Game seed: 13458359127034682905

263 safid the Shooter (level 5, -14/45 HPs)
             Began as a Minotaur Hunter on Oct 3, 2022.
             Demolished by Edmund
             ... wielding a +5 vorpal dire flail
              (15 damage)
             ... on level 4 of the Dungeon.
             The game lasted 00:04:13 (3228 turns).

safid the Shooter (Minotaur Hunter)                 Turns: 3228, Time: 00:04:14

Health: -14/45     AC:  4    Str: 16    XL:     5   Next: 97%
Magic:  4/4        EV: 12    Int:  6    God:
Gold:   134        SH:  0    Dex: 15    Spells: 4/4 levels left

rFire   . . .      SeeInvis .   a - +0 shortbow
rCold   . . .      Faith    .   (shield currently unavailable)
rNeg    . . .      Spirit   .   c - +0 leather armour
rPois   .          Reflect  .   (helmet restricted)
rElec   .          Harm     .   (no cloak)
rCorr   .          Rampage  .   (no gloves)
Will    .....                   i - +0 pair of boots
Stlth   +.........              (no amulet)
HPRegen 0.15/turn               (no ring)
MPRegen 0.09/turn               (no ring)

@: no status effects
A: horns 2, retaliatory headbutt
a: no special abilities


You were on level 4 of the Dungeon.
You visited 1 branch of the dungeon, and saw 4 of its levels.

You collected 134 gold pieces.

Inventory:

Hand Weapons
 a - a +0 shortbow (weapon)
Armour
 c - a +0 leather armour (worn)
 i - a +0 pair of boots (worn)
Wands
 n - a wand of digging (1)
Scrolls
 b - a scroll of immolation
 d - 4 scrolls of vulnerability {unknown}
 e - 2 scrolls of enchant armour {unknown}
 f - 4 scrolls of identify {unknown}
 h - a scroll of fear {unknown}
 k - 3 scrolls of teleportation {unknown}
 m - a scroll of enchant weapon {unknown}
Potions
 g - a potion of magic {unknown}
 j - 3 potions of heal wounds {unknown}
 l - a potion of resistance {unknown}
 o - a potion of lignification {unknown}


   Skills:
 - Level 3.0 Fighting
 + Level 7.8 Ranged Weapons
 - Level 2.1 Dodging
 - Level 0.7 Stealth


You had 4 spell levels left.
You didn't know any spells.
Your spell library contained the following spells:

 Spells                   Type           Power      Damage    Failure   Level
 Ozocubu's Armour         Ice            0%         N/A       88%         3
 Portal Projectile        Hex/Tloc       0%         N/A       88%         3
 Tukima's Dance           Hex            0%         N/A       88%         3
 Blade Hands              Tmut           0%         N/A       100%        5
 Ozocubu's Refrigeration  Ice            0%         4d7       100%        7


Dungeon Overview and Level Annotations

Branches:
Dungeon (4/15)
 Temple: D:4-7

Altars:

Shops:
D:1 [

Annotations:
D:2 1 runed translucent door, Crazy Yiuf
D:4 Edmund


Innate Abilities, Weirdness & Mutations

You have a pair of horns on your head.
You reflexively headbutt those who attack you in melee.


Message History

A hobgoblin comes into view.
You shoot an arrow. The arrow hits the hobgoblin!
You kill the hobgoblin!
No target in view!
No target in view!
No target in view!
Found an escape hatch in the ceiling.
f - 4 scrolls labelled JAGGIAF UZENUT (gained 1) No target in view!
Edmund the Younger comes into view.
He is wielding a +5 vorpal dire flail.
Found a scroll labelled WORUSA RE ARONN and a dagger.
You shoot an arrow. The arrow hits Edmund.
Edmund shouts!
Edmund is lightly wounded.
Edmund says, "I might not be good at magic, but I can still kill you!"
You shoot an arrow.
The arrow hits Edmund but does no damage.
Edmund is lightly wounded.
You shoot an arrow. The arrow hits Edmund!
Edmund is heavily wounded.
You shoot an arrow. The arrow closely misses Edmund.
You shoot an arrow.
The arrow hits Edmund but does no damage.
Edmund is heavily wounded.
You shoot an arrow. The arrow completely misses Edmund.
Edmund hits you with a +5 vorpal dire flail!
You shoot an arrow. The arrow hits Edmund!
Edmund is heavily wounded.
Edmund hits you with a +5 vorpal dire flail!
You are too injured to fight recklessly!
You are too injured to fight recklessly!
You are too injured to fight recklessly!
Fire: a) +0 shortbow
Press: ? - help, Q - select action Shift-Dir - straight line, f/p - Edmund
Aim: Edmund, wielding a +5 vorpal dire flail and wearing a +0 scale mail (heavily wounded, 66% to hit)
You shoot an arrow. The arrow barely misses Edmund.
Edmund hits you with a +5 vorpal dire flail!
* * * LOW HITPOINT WARNING * * *
x2 Edmund hits you with a +5 vorpal dire flail!
You die...

#..##........
##...........#
#..........###
#...###..####
#...### #..#
....# #..##
...# #...# ..#
##..†# .#
#.@..# #..@.#
#.....#
#........
...........
#....###<...?.
##.## .!.?.)
## #.....


You could see Edmund.

Vanquished Creatures
  A scorpion (D:3)
  An orc priest (D:3)
  Jessica (D:2)
  3 gnolls (D:2)
  5 adders
  3 worms
  A dart slug (D:1)
  3 orcs (D:3)
  6 ball pythons
  5 endoplasms
  4 giant cockroaches
  4 goblins
  6 hobgoblins
  4 kobolds
  6 bats
  5 frilled lizards
  9 rats
67 creatures vanquished.

Notes
Turn   | Place    | Note
-------+----------+-------------------------------------------
     0 | D:1      | safid the Minotaur Hunter began the quest for the Orb.
     0 | D:1      | Reached XP level 1. HP: 18/18 MP: 0/0
    33 | D:1      | Found Dolojiufar's Antique Armour Shop.
    72 | D:1      | Reached XP level 2. HP: 16/26 MP: 1/1
   203 | D:1      | Found a faded altar of an unknown god.
   378 | D:1      | Reached skill level 5 in Ranged Weapons
   840 | D:2      | Reached XP level 3. HP: 31/31 MP: 2/2
  1009 | D:2      | Reached skill level 6 in Ranged Weapons
  1009 | D:2      | Reached XP level 4. HP: 32/38 MP: 3/3
  1074 | D:2      | Found a runed translucent door.
  1075 | D:2      | Noticed Crazy Yiuf
  1643 | D:2      | Noticed Jessica
  1647 | D:2      | Killed Jessica
  1761 | D:2      | Reached XP level 5. HP: 45/45 MP: 4/4
  2043 | D:3      | Reached skill level 7 in Ranged Weapons
  2880 | D:3      | HP: 2/45 [orc priest/+0 hand axe (3)]
  3220 | D:4      | Noticed Edmund
  3228 | D:4      | HP: 1/45 [Edmund/+5 vorpal dire flail (2)]
  3228 | D:4      | Demolished by Edmund

Illustrated notes

Levels and vault maps discovered:
D:1:      reono_arrival_forest_river, layout_loops_ring,
          chequers_ecumenical_altar_island, serial_shops,
          nicolae_shop_competitors_out_of_business, grunt_decor_fettered,
          chequers_serial_rivers_small_3
D:2:      layout_basic, kennysheep_generic_room_12, uniq_jessica,
          uniq_crazy_yiuf_cottage
D:3:      layout_basic
D:4:      layout_layer_cave, uniq_edmund

Skill      XL: |  1  2  3  4  5 |
---------------+----------------+-----
Fighting       | 3 |  3.0
Ranged Weapons | 5 6 7 |  7.8
Dodging        | |  2.1
Stealth        | |  0.7

Action                   |  1- 3 |  4- 6 || total
-------------------------+-------+-------++-------
 Fire: Shortbow          |    91 |   111 ||   202
Armor: Leather armour    |    12 |     8 ||    20
Dodge: Dodged            |    29 |    27 ||    56
